[Event "Teplice Open 2022"]
[Site "Teplice"]
[Date "2022.06.24"]
[Round "7.1"]
[White "Kollars, Dmitrij"]
[Black "Demchenko, Anton"]
[Result "1-0"]
[ECO "C55"]
[WhiteElo "2635"]
[BlackElo "2654"]
[Annotator "TA"]
[PlyCount "83"]
[EventDate "2022.06.18"]
[EventType "swiss"]
[EventCountry "CZE"]
[SourceTitle "playchess.com"]
[Source "ChessBase"]
[SourceQuality "1"]
[TimeControl "40/5400+30:1800+30"]

1. e4 e5 2. Nf3 Nc6 3. Bc4 Nf6 4. d3 h6 5. O-O d6 6. c3 Be7 7. a4 O-O 8. Re1 Nh7 9. a5 {[%emt 0:00:49] C55: Two Knights: 4 d3, 4 d4 exd4 5 e5 and Max Lange Attack.} a6 10. d4 Bg4 11. d5 {[%emt 0:03:14] [#] White is slightly better.} Na7 $146 ({Predecessor:} 11... Nb8 12. h3 Bh5 13. b4 Nd7 14. Nbd2 Ng5 15. Be2 Bg6 16. Bd3 f5 17. exf5 Bxf5 18. Bxf5 Rxf5 {1-0 (47) Saric,I (2511)-Orak,L (2315) Sibenik 2008}) 12. h3 Bxf3 13. Qxf3 Bg5 14. Nd2 {[%emt 0:05:37] White is more active.} g6 15. g3 h5 16. h4 Bh6 17. Bf1 Nc8 18. c4 Ne7 19. c5 f5 20. cxd6 cxd6 {[%emt 0:00:16] [#]} 21. Bh3 $1 Rc8 {[%emt 0:05:18][%cal Oc8c1] [#] ...Rxc1! is the strong threat.} 22. Nc4 $1 Bxc1 (22... Kg7 23. Bxh6+) 23. Raxc1 Rc5 {[%emt 0:01:40] [#]} (23... Rc7 $16) 24. Qa3 $1 $18 {[%emt 0:08:21][%cal Oc4d6] Black must now prevent Nxd6!} Nc8 25. Ne3 Rxc1 26. Rxc1 {[%emt 0:00:04] Hoping for Qb4.} Ne7 (26... Na7 $16 {is a better defense.}) 27. Qb4 Qb8 28. Qb6 Nf6 (28... fxe4 $2 29. Rc7 Nc8 30. Be6+ Kh8 31. Qxb7 Qxb7 32. Rxb7 $18) 29. exf5 gxf5 30. Bxf5 Nxf5 31. Nxf5 Nxd5 32. Qxd6 Qxd6 33. Nxd6 {[%emt 0:00:04][%cal Bf5d6,Bd6b7,Bb7c5][%mdl 4128] Endgame KRN-KRN} Nb4 34. Rc3 {[%emt 0:05:31] Against Nd3} ({Much less strong is} 34. Nxb7 $6 Nd3 35. Rc3 Nxf2 $18) 34... Nc6 35. Nxb7 Nd4 36. Kg2 Kf7 37. Nc5 Rb8 38. Nxa6 Rxb2 (38... Ra8 $142 39. Nc5 Rxa5) 39. Nc5 {[%emt 0:00:17] White is clearly winning.} Ra2 40. a6 Kf6 (40... Nc6 $142 41. Rf3+ Kg6) 41. Rc4 Nb5 42. Ra4 {[%emt 0:00:00] Weighted Error Value: White=0.11 (very precise) /Black=0.33} 1-0

[Event "Teplice Open 2022"]
[Site "Teplice"]
[Date "2022.06.24"]
[Round "7.2"]
[White "Santos Latasa, Jaime"]
[Black "Ali Marandi, Cemil Can"]
[Result "1/2-1/2"]
[ECO "C50"]
[WhiteElo "2672"]
[BlackElo "2532"]
[Annotator "TA"]
[PlyCount "61"]
[EventDate "2022.06.18"]
[EventType "swiss"]
[EventCountry "CZE"]
[SourceTitle "playchess.com"]
[Source "ChessBase"]
[SourceQuality "1"]
[TimeControl "40/5400+30:1800+30"]

1. e4 e5 2. Nf3 Nc6 3. Bc4 Nf6 4. d3 Bc5 5. O-O a6 6. a4 {[%emt 0:00:42] C50: Hungarian Defence and Giuoco Pianissimo.} d6 7. c3 Ba7 8. Re1 {[%emt 0:00:35] White has an edge.} h6 9. Nbd2 O-O 10. h3 Re8 11. b4 $1 {[%emt 0:00:30] The main line 11.b4 scores better than 11.Nf1.} Be6 12. Bxe6 Rxe6 13. Bb2 Ne7 14. Nf1 Ng6 15. c4 {[%emt 0:00:27] [#]} Qd7 $5 $146 {[%emt 0:08:40][%mdl 8] An interesting novelty.} ({Predecessor:} 15... Nh7 16. Ng3 Ng5 17. Nh2 Nf4 18. d4 a5 19. bxa5 Rg6 20. Ra3 exd4 21. Bc1 Nge6 {1-0 (47) Karjakin,S (2743)-Amin,B (2680) Warsaw 2021}) 16. Ng3 Rae8 17. Bc1 c6 18. Be3 Bxe3 19. Rxe3 d5 20. Nf5 Rd8 {[%emt 0:05:31] [#] Strongly threatening ...dxe4.} 21. Qc2 Kh7 22. c5 Ne8 {[%emt 0:09:50] The position is equal.} 23. d4 exd4 24. N3xd4 Rxe4 25. Rxe4 dxe4 26. Qxe4 Nf6 27. Qb1 Qd5 28. Ra3 Re8 29. Re3 Rxe3 30. fxe3 Ne4 31. Qb3 {[%emt 0:01:41] Weighted Error Value: White=0.06 (flawless) /Black=0.05 (flawless)} 1/2-1/2

[Event "Teplice Open 2022"]
[Site "Teplice"]
[Date "2022.06.24"]
[Round "7.3"]
[White "Pultinevicius, Paulius"]
[Black "Narayanan.S.L"]
[Result "0-1"]
[ECO "D38"]
[WhiteElo "2536"]
[BlackElo "2662"]
[Annotator "TA"]
[PlyCount "76"]
[EventDate "2022.06.18"]
[EventType "swiss"]
[EventCountry "CZE"]
[SourceTitle "playchess.com"]
[Source "ChessBase"]
[SourceQuality "1"]
[TimeControl "40/5400+30:1800+30"]

1. d4 Nf6 2. c4 e6 3. Nf3 d5 4. Nc3 Bb4 5. Bg5 h6 6. Bxf6 Qxf6 7. e3 O-O 8. Rc1 Nc6 9. a3 {[%emt 0:02:11] D38: Queen's Gambit Declined: Ragozin Defence (4 Nf3 Bb4).} Bxc3+ 10. Rxc3 dxc4 11. Rxc4 {[%emt 0:01:53] The position is equal.} e5 $1 12. d5 Rd8 13. e4 Bg4 14. Be2 Bxf3 15. Bxf3 Nd4 $1 16. Rxc7 Qb6 {[%emt 0:12:59][%csl LRb2,LRc7] [#]} 17. Rc4 $146 ({Predecessor:} 17. Qc1 Qa6 18. Qc4 Qa5+ 19. Qc3 Qa6 20. Bd1 Qg6 21. Bf3 Nb5 22. Qxe5 Nxc7 23. Qxc7 {0-1 (32) Livaic,L (2492)-Vaibhav,S (2591) Chess.com INT 2020}) 17... Qxb2 18. O-O ({White should play} 18. Qc1 $15 Qxc1+ 19. Rxc1) 18... Qxa3 $17 19. Bh5 Rac8 (19... b5 $19 20. Rc7 g6) 20. Ra4 Qc5 $36 {[%emt 0:00:28][%mdl 2048] White is under strong pressure. Black is much more active.} 21. h3 (21. Qa1 $17) 21... b5 $19 22. Ra6 Rd6 23. Rxd6 Qxd6 24. f4 Rc7 (24... g6 $19 {Strongly threatening ...Rc7.} 25. Bg4 Rc2) 25. Kh1 $2 (25. Qd2 $17) 25... a5 26. Qa1 a4 27. fxe5 Qxe5 28. Rd1 {[%emt 0:00:40] [#]} Qxh5 (28... Nc6 $1 $19 29. Bg4 Qxa1 30. Rxa1 Na5) 29. Qxd4 {[%emt 0:01:34][%mdl 4096] Endgame KQR-KQR} f6 30. Rb1 (30. d6 $17 Rd7 31. Rb1) 30... Qe5 $2 (30... Qe2 $19 31. Rd1 Qc4 32. Qxc4 Rxc4) 31. Qb4 $2 (31. Qxe5 $17 {nothing else works.} fxe5 32. Rxb5) 31... Rc4 $2 (31... Rc2 $19 {is more deadly.} 32. Qxb5 Qxe4) 32. Qxb5 $17 Rxe4 {[%emt 0:00:09] ...f5 is the strong threat.} (32... Qxe4 {is more complex.} 33. Rd1 Qe2 34. Qb8+ Kf7) 33. Qa5 $2 (33. Rd1 $17 {is the only way for White.}) 33... Kh7 $2 (33... Rd4 $19 34. Re1 Qxd5 35. Qxd5+ Rxd5) 34. Rd1 Rd4 35. Rxd4 Qxd4 36. Qa6 Qa1+ 37. Kh2 a3 38. Qe6 $2 {[%emt 0:01:30][%mdl 8192] [#]} (38. Qd3+ $15 Kg8 39. d6 Qe5+ 40. g3) 38... Qb1 $1 {[%emt 0:00:50] Weighted Error Value: White=0.66/Black=0.59} ({Inferior is} 38... a2 39. Qf5+ g6 40. Qd7+ Kh8 41. Qe8+ Kh7 42. Qf7+ Kh8 43. Qe8+ (43. Qf8+ Kh7 $11) 43... Kh7 44. Qf7+ Kh8 45. Qf8+ Kh7 46. Qf7+ $11) 0-1

[Event "Teplice Open 2022"]
[Site "Teplice"]
[Date "2022.06.24"]
[Round "7.4"]
[White "Laurusas, Tomas"]
[Black "Yilmazyerli, Mert"]
[Result "1/2-1/2"]
[ECO "D10"]
[WhiteElo "2567"]
[BlackElo "2502"]
[Annotator "TA"]
[PlyCount "115"]
[EventDate "2022.06.18"]
[EventType "swiss"]
[EventCountry "CZE"]
[SourceTitle "playchess.com"]
[Source "ChessBase"]
[SourceQuality "1"]
[TimeControl "40/5400+30:1800+30"]

1. d4 d5 2. c4 dxc4 3. e4 b5 4. a4 c6 5. Nc3 b4 6. Na2 Nf6 7. e5 Nd5 8. Bxc4 e6 9. Nf3 Be7 {[%emt 0:00:36] Against Bg5. D10: Slav Defence: 3 cxd5 (without early Nf3) and 3 Nc3.} 10. O-O O-O 11. Bd2 a5 12. Nc1 Ba6 13. Bxa6 Nxa6 14. Nb3 c5 15. Qe2 Qb6 16. Qb5 {[%emt 0:20:11] [#]} Qa7 $146 ({Predecessor:} 16... Rfc8 17. Rfc1 Qa7 18. Bg5 Bf8 19. Be3 h6 20. Nfd2 Nac7 21. Qd3 Nxe3 22. fxe3 Nd5 23. Nc4 cxd4 24. exd4 Be7 25. Ncxa5 Rxc1+ 26. Rxc1 Bd8 27. Nc4 Qxa4 28. Rf1 {½-½ (28) Jedinger,A (2181)-Schild,R (2117) ICCF email 2012}) 17. Bg5 Rfc8 (17... cxd4 $11 18. Bxe7 Nxe7) 18. Bxe7 $14 Nxe7 19. Rfc1 (19. Qxa5 c4 20. Nc5 Nxc5 21. Qxa7 Rxa7 $17) (19. Nxa5 Nc7 20. Qd7 Qxa5 $15) 19... Rab8 20. Qd3 Rd8 21. Nxa5 {[%emt 0:04:30] Strongly threatening Ng5.} (21. Ng5 {with more complications.} Ng6 22. h4 Qa8 23. f3) 21... h6 {[%emt 0:07:22] Inhibits Ng5.} 22. Nb3 Nf5 (22... Rd5 $14) 23. Rc4 (23. Nxc5 $2 Nxc5 24. Rxc5 Qxc5 25. Qxf5 Rxd4 $19) 23... Rd5 24. Rac1 Rbd8 25. h3 (25. Nxc5 $2 Nxc5 26. Qd1 (26. Rxc5 $2 Rxc5 27. Rxc5 Qxc5 $19) 26... Nxa4 27. Rxb4 Nxd4 $1 28. Nxd4 Rxd4 $19) 25... Nxd4 26. Nfxd4 cxd4 27. f4 Qd7 (27... Qe7 $16 {keeps fighting.} 28. Rc8 (28. Nxd4 Qa7 $11) 28... Nb8) 28. Rc6 $18 Nb8 29. Rc7 Qxa4 30. Nc5 {[%emt 0:00:01][%cal Bb3c5,Bc5b7,Bb7d6][%mdl 32] Prevents Qa6.} Qa5 31. Nb7 $1 Qa6 32. R1c4 $1 {[%emt 0:01:51][%mdl 1024] White has strong compensation.} Rf8 33. Nd6 $1 Qb6 (33... Qa1+ 34. Kh2 Qa5 35. b3 $16) 34. Rb7 $2 ({Better is} 34. Kh2 $18) 34... Qa6 $11 35. Rbc7 $2 (35. Rbxb4 $11 Nd7 36. Kh2) 35... Qb6 $1 $18 (35... Qa1+ 36. Kh2 Qe1 37. Nxf7 $1 $18 (37. Rxd4 Qf2 $16)) 36. Rc8 Nd7 37. R4c7 Rxc8 38. Rxc8+ Nf8 {[%emt 0:00:05] [#]} 39. Kh2 $1 {[%emt 0:00:42] White is much more active. The black rooks are badly placed.} Rxd6 40. exd6 Qxd6 $16 {[%emt 0:00:03][%mdl 4096] Endgame KQR-KQN} 41. Qe4 (41. g3 $16) 41... d3 $14 42. Qe5 Qd7 ({Don't play} 42... Qxe5 43. fxe5 g5 44. Rd8 $16) 43. Qc5 {[%emt 0:04:34] The position is equal.} d2 $1 44. Rxf8+ Kh7 45. Qc2+ f5 $1 46. Qd1 Qd6 47. Ra8 Qxf4+ 48. Kh1 {[%emt 0:00:08] Rd8 is the strong threat.} Qf2 49. Ra1 e5 $1 50. Qg1 Qe2 51. Kh2 {[%emt 0:03:07] And now Qf1 would win.} f4 52. Qd1 f3 53. Qf1 e4 54. Kg3 h5 {[%emt 0:02:53] aiming for ...g5.} 55. h4 {[%emt 0:03:18] Hoping for Kf4.} ({Don't blunder} 55. gxf3 $2 Qxf1 56. Rxf1 e3 $19) 55... e3 {[%emt 0:04:20] ( -> ...Qxf1)} 56. Qxf3 (56. gxf3 {is a self mate.} Qxf1 57. Rxf1 e2 58. Rh1 e1=Q+ 59. Kh2 Kg6 60. Rg1+ Kf6 61. b3 Qf2+ 62. Kh1 Kf5 63. Rg5+ Kf4 64. Rd5 Qxf3+ 65. Kh2 Qxd5 66. Kg1 d1=Q+ 67. Kh2 Q5h1#) 56... Qe1+ 57. Kh3 $2 (57. Rxe1 $11 dxe1=Q+ 58. Kh3) 57... Qxa1 $19 58. Qxh5+ {[%emt 0:00:33][%mdl 32768] What a bad dream for White.  Weighted Error Value: White=0.23 (precise) /Black=0.13 (very precise) . An unexpected result.} 1/2-1/2

[Event "Teplice Open 2022"]
[Site "Teplice"]
[Date "2022.06.24"]
[Round "7.5"]
[White "Berkes, Ferenc"]
[Black "Kraus, Tomas"]
[Result "1/2-1/2"]
[ECO "D37"]
[WhiteElo "2654"]
[BlackElo "2472"]
[Annotator "TA"]
[PlyCount "91"]
[EventDate "2022.06.18"]
[EventType "swiss"]
[EventCountry "CZE"]
[SourceTitle "playchess.com"]
[Source "ChessBase"]
[SourceQuality "1"]
[TimeControl "40/5400+30:1800+30"]

1. d4 d5 2. c4 e6 3. Nf3 Nf6 4. Nc3 a6 5. cxd5 exd5 6. Bg5 {[%emt 0:00:11] D37: Queen's Gambit Declined: 5 Bf4.} Be6 7. Bxf6 Qxf6 8. Qb3 Ra7 9. a3 (9. Nxd5 Qd8 10. e4 c6 $11) 9... Qd8 10. Qc2 Nd7 11. e4 dxe4 12. Nxe4 Be7 {[%emt 0:03:27] [#] Inhibits Neg5.} 13. O-O-O $146 ({Predecessor:} 13. Bc4 Bxc4 14. Qxc4 O-O 15. O-O Nf6 16. Nc3 c6 17. Rfe1 Ra8 18. Re2 Bd6 19. Rae1 {1-0 (46) Horvath,D (2453)-Costa,L (2069) Cattolica 2021}) 13... c6 14. Bd3 h6 15. Rhe1 O-O 16. Ne5 a5 17. f4 a4 $1 18. Nc5 {[%emt 0:00:08] Inhibits Bb3.} Nxc5 19. dxc5 {[%emt 0:00:34] [#] Strongly threatening Bh7+.} Qa5 ({Black should try} 19... Bd5 $1 $14) 20. Nxf7 (20. Ng6 {feels hotter.} Qxc5 21. Qxc5 Bxc5 22. Nxf8 Bxf8 23. f5) 20... Qxc5 21. Qxc5 $18 (21. Rxe6 $6 Qxc2+ 22. Kxc2 Kxf7 $14) 21... Bxc5 22. Rxe6 (22. Nxh6+ $6 gxh6 23. Rxe6 Rxf4 $16) 22... Rxf7 {[%emt 0:02:00] [#]} 23. Re5 (23. Bc4 $1 $18 Rxf4 24. Rd8+ (24. Re4+ Kh7 $11) 24... Kf7 25. Ba2 (25. Re4+ Kg6 $11)) 23... Bd6 $16 24. Re8+ Rf8 25. Bc4+ Kh7 26. Rxf8 {[%emt 0:00:08] White is more active.} Bxf8 {[%emt 0:00:05][%mdl 4096] Endgame KRB-KRB} 27. Rd8 Bc5 28. f5 {[%emt 0:03:35][%cal Bf4f5,Bf5f6][%mdl 32] White wants to mate with Bg8+.} h5 29. Bd3 {[%emt 0:00:44] f6+ is the strong threat.} b5 30. Rc8 b4 31. axb4 Bxb4 32. f6+ g6 $1 33. Rxc6 a3 34. bxa3 Rxa3 35. Kc2 ({Better is} 35. Bc4 $16) 35... Ra2+ $1 $11 {[%emt 0:01:25] The position is equal.} 36. Kb3 Ra3+ 37. Kc2 {[%emt 0:00:14] And now Rc7+ would win.} ({Much less strong is} 37. Kxb4 Rxd3 38. Rc7+ Kg8 $14) 37... Ra2+ $1 38. Kb3 Ra3+ 39. Kxb4 Rxd3 {[%emt 0:00:04] KR-KR} 40. Rc7+ Kh6 41. Rc3 Rd8 42. Rf3 Rc8 43. h4 Kh7 44. Rc3 Rb8+ 45. Kc5 Kg8 46. Kd4 {[%emt 0:01:02] Black escapes into a draw.  Weighted Error Value: White=0.06 (flawless) /Black=0.07 (flawless)} 1/2-1/2

[Event "Teplice Open 2022"]
[Site "Teplice"]
[Date "2022.06.24"]
[Round "7.6"]
[White "Hilby, Craig"]
[Black "Fridman, Daniel"]
[Result "1-0"]
[ECO "A11"]
[WhiteElo "2420"]
[BlackElo "2605"]
[Annotator "TA"]
[PlyCount "233"]
[EventDate "2022.06.18"]
[EventType "swiss"]
[EventCountry "CZE"]
[SourceTitle "playchess.com"]
[Source "ChessBase"]
[SourceQuality "1"]
[TimeControl "40/5400+30:1800+30"]

1. c4 Nf6 2. g3 c6 3. Bg2 d5 4. Nf3 dxc4 5. a4 Bf5 6. Na3 Qd5 7. Nh4 Be4 8. f3 Bg6 9. e4 Qc5 10. Qe2 Na6 11. Nxc4 Nb4 12. d3 Qd4 13. Bf1 e5 14. Be3 Qd8 15. Rd1 Nd7 16. Bh3 Be7 17. d4 Qc7 18. dxe5 Nxe5 19. Bf4 f6 20. Rd7 Qb8 21. Nxe5 fxe5 22. Qc4 Nd3+ 23. Qxd3 exf4 24. Qb3 $2 (24. Qd4 Bf6 25. Qc4) 24... Kf8 $2 (24... Qe5 {keeps fighting.} 25. Qxb7 (25. Nxg6 hxg6 26. Qxb7 Kf7 $16) 25... Kf7 26. gxf4 Qc5) 25. Nxg6+ $2 (25. Rxb7 Qe5 $18) (25. Qc3 $18 {has better winning chances.} fxg3 26. Ke2 $1) 25... hxg6 $16 26. Qe6 (26. Rxb7 Qd6 27. Qe6 Qc5 $15) 26... Qe8 27. Ke2 fxg3 28. hxg3 Bc5 $2 {[%emt 0:07:48] [#]} (28... Qf7 $16 29. Rc1 Rb8) 29. Qc4 $1 $18 b6 30. b4 ({Less strong is} 30. Qc3 Qxd7 31. Bxd7 Rxh1 $16) 30... Be7 (30... Rxh3 $2 31. Rxh3 Qxd7 32. Rh8+ Ke7 33. Rxa8 $18) 31. Qxc6 $2 (31. Rdd1 $18 {Black must now prevent Bd7.} Rh6 32. Be6) 31... Bxb4 $2 (31... Rh6 $16 {is a better defense.}) 32. Be6 $18 Rxh1 33. Rf7+ Qxf7 34. Bxf7 Rh2+ 35. Kf1 Rd8 36. Bd5 Bd6 $2 (36... Rh5 {was called for.} 37. Qxg6 Rdxd5 38. exd5 Rxd5) 37. e5 $18 ({Not} 37. Qb7 Be7 38. Qc6 (38. Qxa7 Rc8 $11) 38... Rd6 39. Qc8+ Bd8 $18) 37... Bxe5 38. Qe6 Rxd5 39. Qxd5 Bxg3 40. Qa8+ Kf7 41. Qxa7+ Kg8 42. Qxb6 Kh7 43. a5 Ra2 44. a6 Bf2 (44... Ra1+ $18 45. Kg2 Bb8 46. Qxb8 Ra2+ 47. Kg3 Rxa6) 45. Qe6 (45. Qxf2 $142 Ra1+ 46. Kg2 g5 47. a7 Kg6 48. Qc2+ Kf7 49. Qf5+ Kg8 50. Qd5+ Kh7 51. a8=Q) 45... Rd2 $18 46. Qh3+ Kg8 47. Qe6+ (47. Qg4 $142 Kh7 48. Qg2) 47... Kh7 $18 48. Qh3+ Kg8 49. Qh2 (49. Qc8+ $142 Kh7 50. Qh3+) 49... Ra2 $18 50. Qb8+ Kh7 51. Qh2+ Kg8 52. Qc7 Kh7 53. Qd7 Rc2 (53... Be3 $18 54. Qh3+ Bh6) 54. Qh3+ Kg8 55. Qe6+ (55. f4 $142 Bg3 56. Qxg3 Rc5 57. Qb3+ Kh7 58. Qa3 Rf5 59. a7 Rxf4+ 60. Kg2) 55... Kh7 $18 56. Qh3+ (56. f4 $18 Bh4 57. Qg4 Rc1+ 58. Ke2) 56... Kg8 57. Qg4 (57. f4 $142 Bg3 58. Qxg3 Rc1+ {[#]} 59. Qe1 $3 Rc7 60. Qe5 Rc1+ 61. Kf2 Kf7 62. a7) 57... Ba7 $18 58. Qd7 Rc1+ 59. Ke2 Bg1 60. Qd8+ Kh7 61. Qh4+ Kg8 62. Qd8+ (62. Qg5 $142 Ra1 63. Qxg6) 62... Kh7 $18 63. Qh4+ (63. Qg5 $142 Ra1 64. Qh4+ Kg8 65. Qg4) 63... Kg8 $18 64. Qg5 Rb1 65. Qxg6 Rb6 66. Qe8+ Kh7 67. Qh5+ Kg8 68. Qd5+ Kh7 69. Qe4+ Kh6 70. Qh4+ Kg6 71. Qa4 Re6+ 72. Kd3 Ba7 73. Qg4+ Kf6 74. Qf4+ Kg6 75. Qg4+ Kf6 76. Qf4+ Kg6 77. Qc4 Re3+ 78. Kc2 Re7 79. Qc6+ Kf7 80. f4 g6 81. Qc8 Kg7 82. Qd8 Rf7 83. Qd6 Kh7 84. Kd3 Kg7 85. Qe5+ Kh7 86. Ke4 Bg1 87. Kf3 Ba7 88. Kg4 Bg1 89. Qc3 (89. Qb5 $142 Ba7 90. Qb2 Be3 91. Qb3 Rxf4+ 92. Kg3 Rf6 93. Qxe3 Rxa6 94. Qe7+ Kh6 95. Qf8+ Kh7 96. Qf7+ Kh6 97. Qf3) 89... Ba7 $18 90. Qh3+ Kg7 91. Qc3+ Kh7 $1 92. Qa1 Bb8 93. Qh1+ (93. Qc1 $142 Ba7 94. Qb2) 93... Kg7 $18 94. Qa1+ (94. Qc1 $142 Ba7 95. Qa1+ Kh7 96. Qb2) 94... Kh7 $18 95. Qd4 Ba7 96. Qd5 Kg7 97. Kf3 Bb8 98. Qg5 Ba7 99. Ke4 Bb8 100. Qg3 Ba7 101. Qc3+ Kh7 102. Qh3+ (102. Ke5 $142 Bf2 103. Ke6) 102... Kg7 $18 103. Qc3+ (103. Qg3 $142 Rd7 104. Qh3) 103... Kh7 $1 $18 104. Qb2 (104. Kd5 $142 Bf2 105. Ke6) 104... Kg8 $18 105. Qb3 Kg7 106. Qb2+ Kg8 $1 107. Ke5 Be3 $2 (107... Rf5+ 108. Ke6 Rxf4) 108. Qb4 $18 Kg7 109. Ke6 Ba7 110. Qc3+ Kg8 111. Qc8+ (111. Qc1 $142 Rg7 112. Qc6) 111... Kg7 $18 112. Qc3+ (112. Qd8 $142) 112... Kg8 $18 113. Qe5 Bf2 114. Qb8+ Rf8 115. Qc7 Bd4 116. Qc4 Be3 117. Ke7+ 1-0

[Event "Teplice Open 2022"]
[Site "Teplice"]
[Date "2022.06.24"]
[Round "7.7"]
[White "Azarov, Sergei"]
[Black "Karthik Venkataraman"]
[Result "0-1"]
[ECO "B99"]
[WhiteElo "2588"]
[BlackElo "2480"]
[Annotator "TA"]
[PlyCount "77"]
[EventDate "2022.06.18"]
[EventType "swiss"]
[EventCountry "CZE"]
[SourceTitle "playchess.com"]
[Source "ChessBase"]
[SourceQuality "1"]
[TimeControl "40/5400+30:1800+30"]

1. e4 c5 2. Nf3 d6 3. d4 cxd4 4. Nxd4 Nf6 5. Nc3 a6 6. Bg5 e6 7. f4 Be7 8. Qf3 Qc7 9. O-O-O Nbd7 10. Bd3 b5 {[%emt 0:00:13] 10...b5 scores better than 10...h6.} 11. Rhe1 Bb7 12. Kb1 Qb6 {[%emt 0:00:16] B99: Sicilian Najdorf: 6 Bg5 e6 7 f4 Be7 8 Qf3 Qc7 9 0-0-0 Nbd7.} 13. Nb3 Rc8 (13... b4 $5 14. Na4 Qc7 $15) 14. f5 {[%emt 0:13:44] [#]} e5 $146 {[%emt 0:06:22][%cal Oc8c3] The position is equal.} ({Predecessor:} 14... Rxc3 15. bxc3 e5 16. Bc1 Qc7 17. Bb2 Nb6 18. g4 Nfd7 19. Bf1 Na4 20. Ba1 Ndb6 {1-0 (46) Della Morte,G (2383)-Veloso,P (2005) Sao Paulo 2009}) 15. Be3 Qc7 16. a3 Nb6 17. g4 Na4 18. Nxa4 bxa4 19. Nd2 h6 20. Qe2 (20. h4 $5 ) 20... d5 21. exd5 Nxd5 22. Ne4 O-O 23. g5 Nxe3 24. Qxe3 Bxe4 25. Qxe4 Bxg5 26. f6 g6 27. h4 Bxf6 28. h5 $1 Bg7 29. hxg6 f5 30. Qxa4 Kh8 31. Bxa6 Rb8 {[%emt 0:00:21] aiming for ...e4.} 32. Bb5 e4 $40 {[%emt 0:02:47][%mdl 128] Hoping for ...Qe5. Black attacks.} 33. c4 (33. Qb4 $11 {remains equal.}) 33... Qe5 $1 $17 34. Qb3 f4 $1 35. Rd5 Qf6 (35... Qe6 $19 {Threatens to win with ...f3.} 36. Rd2 Qxg6) 36. Rxe4 $11 {[%emt 0:01:25] White wants to play Qc2.} f3 $1 37. Re1 $2 {[%emt 0:00:05][%mdl 8192] [#]} (37. Rd1 $11) 37... f2 $1 $19 38. Rf1 {[%emt 0:00:01] [#] Strongly threatening Qc2.} Rfe8 $1 {[%emt 0:00:16][%mdl 64] Pin} 39. Rdd1 {[%emt 0:01:34] Prevents Re1.  Weighted Error Value: White=0.29 (precise) /Black=0.16 (very precise)} 0-1

[Event "Teplice Open 2022"]
[Site "Teplice"]
[Date "2022.06.24"]
[Round "7.8"]
[White "Sokolovsky, Yahli"]
[Black "Romanov, Evgeny"]
[Result "1/2-1/2"]
[ECO "B41"]
[WhiteElo "2369"]
[BlackElo "2573"]
[Annotator "TA"]
[PlyCount "80"]
[EventDate "2022.06.18"]
[EventType "swiss"]
[EventCountry "CZE"]
[SourceTitle "playchess.com"]
[Source "ChessBase"]
[SourceQuality "1"]
[TimeControl "40/5400+30:1800+30"]

1. e4 c5 2. Nf3 e6 3. d4 cxd4 4. Nxd4 a6 5. c4 Nf6 6. Nc3 Qc7 7. Be2 b6 8. Be3 Bb7 {[%emt 0:00:33] B41: Sicilian: Kan Variation: 5 c4.} 9. f3 {[%emt 0:00:22] White is more active.} Bd6 10. g3 (10. Qd2 $16 Bf8 11. Nc2) 10... Nc6 {[%emt 0:02:25] White is slightly better.} 11. Qd2 {[%emt 0:02:35][%cal Oc3b5] [#] Hoping for Ncb5!} Be5 {[%emt 0:03:11] [#]} 12. Rc1 $146 ({Predecessor:} 12. Nb3 O-O 13. Na4 b5 14. cxb5 axb5 15. Bxb5 d5 16. Rc1 Qb8 17. Nbc5 Ne7 18. f4 {1-0 (25) Vidit,S (2722)-Aronian,L (2772) Kolkata 2019}) 12... Nxd4 (12... h5 $11) 13. Bxd4 $14 h5 14. Qe3 Bxd4 15. Qxd4 h4 16. Kf2 d6 17. b4 Rb8 18. Na4 Bc6 19. Nc3 Ba8 (19... Bb7 $1 $11) 20. Na4 ({White should play} 20. Rcd1 $14) 20... Ke7 (20... Bc6 $5 21. Nc3 hxg3+ 22. hxg3 Rxh1 23. Rxh1 Ke7 $16) 21. Kg2 g5 22. c5 dxc5 23. bxc5 {[%emt 0:00:49] Really sharp!} b5 24. Qd6+ Qxd6 25. cxd6+ Kxd6 26. Rhd1+ Ke7 27. Rc7+ Kf8 $132 {[%emt 0:00:10][%mdl 2048] Black has counterplay} 28. Nc5 g4 29. Nxa6 Re8 30. Nc5 ({Of course not} 30. Bxb5 gxf3+ 31. Kxf3 Bxe4+ 32. Kf4 Ra8 $15) 30... hxg3 31. hxg3 (31. Kxg3 $5 Rh3+ 32. Kg2 $16) 31... Rh5 32. Nd7+ Kg7 {[%emt 0:00:25] The position is equal.} 33. Nxf6 Kxf6 34. Rdd7 Rf8 35. a3 Re5 36. Bd3 gxf3+ 37. Kxf3 Rf5+ 38. Kg2 (38. Ke3 $5 Rh5 39. Kf4 $14) 38... Kg6 39. Ra7 {[%emt 0:00:45][%cal Oa7a8] [#] Strongly threatening Rxa8!} Re5 40. Kf3 Rc5 {[%emt 0:02:07] Weighted Error Value: White=0.12 (very precise) /Black=0.14 (very precise)} 1/2-1/2